 Dungeon Crawl Stone Soup version 0.30-a0-177-g1cb5dbfd7a (webtiles) character file.

Game seed: 7307709084320852042

3229 spaghetti the Magician (level 9, 0/69 HPs)
             Began as a Gnoll Venom Mage on Oct 2, 2022.
             Was an Initiate of Yredelemnul.
             Killed from afar by Erica (32 damage)
             ... with a bolt of poison
             ... on level 8 of the Dungeon.
             The game lasted 00:12:41 (7911 turns).

spaghetti the Magician (Gnoll Venom Mage)           Turns: 7911, Time: 00:12:42

Health: 0/69       AC:  9    Str:  5 (8)  XL:     9   Next: 98%
Magic:  0/19       EV: 17    Int: 19 (20) God:    Yredelemnul [......]
Gold:   335        SH:  0    Dex: 12 (13) Spells: 12/22 levels left

rFire   . . .      SeeInvis .    A - +2 rapier (flame) {short}
rCold   + . .      Faith    .    (no shield)
rNeg    . . .      Spirit   .    C - +5 leather armour "Atsyn" {Rampage Int+2 Stlth-}
rPois   .          Reflect  .    y - +0 helmet
rElec   .          Harm     .    (no cloak)
rCorr   .          Rampage  +    (no gloves)
Will    .....                    (no boots)
Stlth   ++........               (no amulet)
HPRegen 0.31/turn                u - ring of protection from cold
MPRegen 0.16/turn                n - +4 ring of evasion

@: lethally poisoned (0 -> -12), flying, studying Fighting
A: fangs 1, strong nose, distributed training
a: Renounce Religion, Recall Undead Harvest


You were on level 8 of the Dungeon.
You worshipped Yredelemnul.
Yredelemnul was noncommittal.
You visited 2 branches of the dungeon, and saw 9 of its levels.

You collected 335 gold pieces.


Innate Abilities, Weirdness & Mutations

You have very sharp teeth.
Your uncanny sense of smell can sniff out nearby items.
Your experience applies equally to all skills.


   Skills:
 + Level 5.8 Fighting
 + Level 4.9 Short Blades
 + Level 4.9 Long Blades
 + Level 4.9 Axes
 + Level 4.9 Maces & Flails
 + Level 4.9 Polearms
 + Level 4.9 Staves
 + Level 4.9 Ranged Weapons
 + Level 4.9 Throwing
 + Level 4.9 Armour
 + Level 6.8 Dodging
 + Level 6.5 Stealth
 + Level 4.9 Shields
 + Level 4.9 Unarmed Combat
 + Level 7.1 Spellcasting
 + Level 4.1 Conjurations
 + Level 4.1 Hexes
 + Level 4.1 Summonings
 + Level 4.1 Necromancy
 + Level 4.1 Translocations
 + Level 4.6 Transmutations
 + Level 4.1 Fire Magic
 + Level 4.1 Ice Magic
 + Level 4.1 Air Magic
 + Level 4.1 Earth Magic
 + Level 6.9 Poison Magic
 + Level 5.4 Invocations
 + Level 4.9 Evocations


You had 12 spell levels left.
You knew the following spells:

 Your Spells              Type           Power      Damage    Failure   Level
a - Sting                 Tmut/Pois      100%       1d8       1%          1
b - Poisonous Vapours     Pois/Air       54%        N/A       2%          2
c - Mephitic Cloud        Conj/Pois/Air  25%        N/A       6%          3
d - Olgreb's Toxic Radia  Pois           33%        N/A       9%          4

Your spell library contained the following spells:

 Spells                   Type           Power      Damage    Failure   Level
 Gell's Gravitas          Tloc           22%        N/A       9%          3
 Lesser Beckoning         Tloc           22%        N/A       9%          3
 Teleport Other           Tloc           22%        N/A       9%          3

Inventory:

Hand Weapons
 f - a +4 dagger of venom {short}
   (You took it off Dowan on level 6 of the Dungeon)
 l - a +0 short sword of draining {short}
   (You took it off Duvessa on level 6 of the Dungeon)
 A - a +2 rapier of flaming (weapon) {short}
   (You found it on level 6 of the Dungeon)
 E - a +3 spear {polearm}
   (You found it on level 3 of the Dungeon)
Missiles
 d - 66 stones {throwing}
 g - 2 atropa-tipped darts {throwing}
 j - 8 poisoned darts {throwing}
Armour
 a - a +1 robe
 y - a +0 helmet (worn)
   (You found it on level 6 of the Dungeon)
 C - the +5 leather armour "Atsyn" (worn) {Rampage Int+2 Stlth-}
   (You found it on level 3 of the Dungeon)

   Int:       It affects your intelligence (+2).
   Rampage:   It bestows one free step when moving towards enemies.
   Stlth:     It makes you less stealthy.
Jewellery
 c - a ring of positive energy
   (You found it on level 2 of the Dungeon)
 k - a ring of ice
   (You took it off an orc on level 5 of the Dungeon)
 n - a +4 ring of evasion (right hand)
   (You found it on level 5 of the Dungeon)
 o - an amulet of faith {!P}
   (You found it on level 6 of the Dungeon)
 r - an amulet of reflection
   (You found it on level 2 of the Dungeon)
 u - a ring of protection from cold (left hand)
   (You found it on level 3 of the Dungeon)
Wands
 t - a wand of quicksilver (18)
   (You took it off Sigmund on level 2 of the Dungeon)
Scrolls
 e - 4 scrolls of teleportation {@r4}
 h - a scroll of summoning
 i - 3 scrolls of blinking {!r}
 w - 2 scrolls of identify {@r1}
 B - a scroll of fear
 F - a scroll of poison {unknown}
Potions
 b - 2 potions of magic
 m - 6 potions of heal wounds {@q2}
 p - 2 potions of curing {@q1}
 q - a potion of haste {@q3}
 s - a potion of brilliance
 v - a potion of might
 x - a potion of degeneration {!q@e2}
 z - a potion of resistance
 D - a potion of flight

Dungeon Overview and Level Annotations

Branches:
Dungeon (8/15) Zot: 26976  Temple (1/1) D:4 Zot: 5785
   Lair: D:8-11

Altars:
Ashenzari
Dithmenos
Elyvilon
Fedhas
Gozag
Hepliaklqana
Kikubaaqudgha
Makhleb
Nemelex Xobeh
Qazlal
Ru
Sif Muna
Uskayaw
Vehumet
Yredelemnul
Zin
The Shining One

Annotations:
D:3 3 runed translucent doors, tbh1313's ghost, amateur MiBe
D:7 3 runed translucent doors, 12572944's ghost, novice DsIE
D:8 Erica

#.#.#.# #.....#
#####.#.#.####.#
................
####............
#.>.#.#####.#
###...#.#
#.......#
#....@..#
#....{...#
#.!..........
#........###.
.........##
###..#....#
#........
#.......##


There were no monsters in sight!


Message History

You rampage towards Erica!
You closely miss Erica. Erica closely misses you.
You hit Erica but do no damage. Your punch misses Erica.
Erica drinks a potion.
Erica seems to speed up.
Unknown command.
Casting: Olgreb's Toxic Radiance (dangerous; 8% risk of failure)
Confirm with . or Enter, or press ? or * to list all spells.
You begin to radiate toxic energy.
Erica is poisoned.
Erica hits you with a +0 scimitar of flaming.
Erica burns you. Erica misses you. 😕 HP[-5] MP[-4]
You take 5 damage, and now have 64/69 hp.
You lost 4 mp, and now have 15/19 mp.
Casting: Olgreb's Toxic Radiance (dangerous; 8% risk of failure)
Confirm with . or Enter, or press ? or * to list all spells.
Your toxic radiance grows in intensity.
Erica looks even sicker.
Erica hits you but does no damage. 😕 MP[-4]
You lost 4 mp, and now have 11/19 mp.
Casting: Olgreb's Toxic Radiance (dangerous; 8% risk of failure)
Confirm with . or Enter, or press ? or * to list all spells.
Your toxic radiance grows in intensity.
Erica looks even sicker.
Erica hits you with a +0 scimitar of flaming.
Erica burns you.
Erica hits you with a +0 scimitar of flaming.
Erica burns you. 😕 HP[-5] MP[-4]
You take 5 damage, and now have 59/69 hp.
You lost 4 mp, and now have 7/19 mp.
Casting: Olgreb's Toxic Radiance (dangerous; 8% risk of failure)
Confirm with . or Enter, or press ? or * to list all spells.
Your toxic radiance grows in intensity.
Erica looks as sick as possible! x2
Erica gestures at you while chanting.
You are confused. 😕 HP[+1] MP[-4]
You lost 4 mp, and now have 3/19 mp.
Unknown command.
Unknown command.
It was a potion of flight.
You feel very buoyant.
You fly up into the air.
Erica casts a spell at you. The bolt of poison hits you!
You are poisoned.
Erica says, "I love to fight, but killing is better."
Erica hits you with a +0 scimitar of flaming.
Erica burns you. 😮 HP[-19]
You take 19 damage, and now have 41/69 hp.
MASSIVE DAMAGE!! (PAUSE) Unknown command.
Unknown command.
It was a potion of degeneration.
There was something very wrong with that liquid.
You feel weakened.
You feel dopey.
You feel clumsy.
You feel very sick. Erica gestures at you while chanting.
The lance of force misses you. 😮 HP[-3]
You take 3 damage, and now have 38/69 hp.
Unknown command.
You feel better.
Erica looks as sick as possible!
Erica barely misses you.
Erica hits you with a +0 scimitar of flaming!
Erica burns you.
* * * LOW HITPOINT WARNING * * *
😨 HP[-4] MP[+1]
You take 4 damage, and now have 34/69 hp.
Casting: Olgreb's Toxic Radiance (dangerous; 9% risk of failure)
Confirm with . or Enter, or press ? or * to list all spells.
Your toxic radiance grows in intensity.
Erica looks as sick as possible!
Erica mumbles some strange words.
Erica flickers and vanishes!
Deactivating autopickup; reactivate with Ctrl-A. 😨 MP[-4]
You lost 4 mp, and now have 0/19 mp.
Unknown command.
Unknown command.
Unknown command.
You barely miss something. Something hits you but does no damage.
Something hits you.
* * * LOW HITPOINT WARNING * * *
Something burns you.
* * * LOW HITPOINT WARNING * * *
😨 HP[-9]
You take 9 damage, and now have 25/69 hp.
You feel much better. Something hits you! Something burns you. 😮 HP[+18]
You regained 18 hp, and now have 43/69 hp.
You hit something. You burn something. Your punch misses something.
Your bite misses something.
Your toxic aura wanes.
Something hits you!
* * * LOW HITPOINT WARNING * * *
Something burns you.
* * * LOW HITPOINT WARNING * * *
You hear some strange, mumbled words.
A bolt of poison appears from out of thin air!
The bolt of poison hits you!!
You are poisoned.
You die...
Your body rises from the dead as a mindless zombie.

Skill      XL: |  1  2  3  4  5  6  7  8  9 |
---------------+----------------------------+-----
Transmutations | 2 3 4 |  4.6
Spellcasting   | 5 6 7 |  7.1
Fighting       | 1 2 3 4 5 |  5.8
Short Blades   | 1 2 3 4 |  4.9
Long Blades    | 1 2 3 4 |  4.9
Axes           | 1 2 3 4 |  4.9
Maces & Flails | 1 2 3 4 |  4.9
Polearms       | 1 2 3 4 |  4.9
Staves         | 1 2 3 4 |  4.9
Ranged Weapons | 1 2 3 4 |  4.9
Throwing       | 1 2 3 4 |  4.9
Armour         | 1 2 3 4 |  4.9
Shields        | 1 2 3 4 |  4.9
Unarmed Combat | 1 2 3 4 |  4.9
Conjurations   | 1 2 3 4 |  4.1
Hexes          | 1 2 3 4 |  4.1
Summonings     | 1 2 3 4 |  4.1
Necromancy     | 1 2 3 4 |  4.1
Translocations | 1 2 3 4 |  4.1
Fire Magic     | 1 2 3 4 |  4.1
Ice Magic      | 1 2 3 4 |  4.1
Air Magic      | 1 2 3 4 |  4.1
Earth Magic    | 1 2 3 4 |  4.1
Invocations    | 1 2 3 4 5 |  5.4
Evocations     | 1 2 3 4 |  4.9
Dodging        | 5 6 |  6.8
Stealth        | 5 6 |  6.5
Poison Magic   | 6 |  6.9

Action                   |  1- 3 |  4- 6 |  7- 9 || total
-------------------------+-------+-------+-------++-------
Melee: Unarmed           |       |    16 |       ||    16
       Spear             |       |    57 |   167 ||   224
       Bite              |       |    10 |    21 ||    31
       Punch             |       |       |     9 ||     9
       Rapier            |       |       |    52 ||    52
 Cast: Sting             |    67 |    74 |    31 ||   172
       Olgreb's Toxic Ra |       |       |    31 ||    31
       Mephitic Cloud    |       |       |     1 ||     1
Invok: Recall Undead Har |       |       |     1 ||     1
Evoke: Wand              |       |       |     1 ||     1
  Use: Scroll            |       |     6 |     4 ||    10
       Potion            |       |       |    11 ||    11
 Stab: Sleeping          |       |     1 |     2 ||     3
Armor: Robe              |     5 |    13 |       ||    18
       Leather armour    |       |    16 |    72 ||    88
Dodge: Dodged            |    30 |    72 |   189 ||   291
Block: Other             |       |    17 |    25 ||    42
       Reflection        |       |       |     1 ||     1

Levels and vault maps discovered:
D:1:      amcnicky_arrival_blooded_trapdoor, layout_loops_ring,
          minmay_misc_feat_room
D:2:      layout_loops_cross, basic_altar, uniq_jessica, uniq_sigmund
D:3:      layout_loops_ring, lemuel_round_altar, grunt_dithmenos_smoke,
          gammafunk_ghost_icy
D:4:      layout_gridville, mainiacjoe_overflow_24_doors, lemuel_doored_altar,
          minmay_temple_entry_poolview
D:5:      layout_loops_ring, nicolae_overflow_hidden_temple, uniq_blork_the_orc,
          uniq_prince_ribbit1
D:6:      layout_cave_pods, kennysheep_generic_room_13, uniq_maggie,
          uniq_duvessa
D:7:      layout_cave_pools, nicolae_sif_muna_condensation,
          amcnicky_altar_gilded, nicolae_uskayaw_suspiria,
          biasface_ghost_orc_armoury
D:8:      layout_loops_ring, enter_bailey_2, uniq_erica, uniq_gastronok,
          uniq_pikel
Temple:   nicolae_temple_bog_church

Notes
Turn   | Place    | Note
-------+----------+-------------------------------------------
     0 | D:1      | spaghetti the Gnoll Venom Mage began the quest for the Orb.
     0 | D:1      | Reached XP level 1. HP: 13/13 MP: 6/6
     0 | D:1      | magus.rc [v1.9.6]
   148 | D:1      | Reached skill level 2 in Transmutations
   213 | D:1      | Reached XP level 2. HP: 19/19 MP: 4/7
  1042 | D:2      | magus.rc [v1.9.6]
  1046 | D:2      | Reached skill level 5 in Spellcasting
  1046 | D:2      | Reached XP level 3. HP: 25/25 MP: 3/9
  1508 | D:2      | Noticed Sigmund
  1519 | D:2      | Killed Sigmund
  1520 | D:2      | Reached skill level 1 in Fighting
  1520 | D:2      | Reached skill level 1 in Short Blades
  1520 | D:2      | Reached skill level 1 in Long Blades
  1520 | D:2      | Reached skill level 1 in Axes
  1520 | D:2      | Reached skill level 1 in Maces & Flails
  1520 | D:2      | Reached skill level 1 in Polearms
  1520 | D:2      | Reached skill level 1 in Staves
  1520 | D:2      | Reached skill level 1 in Ranged Weapons
  1520 | D:2      | Reached skill level 1 in Throwing
  1520 | D:2      | Reached skill level 1 in Armour
  1520 | D:2      | Reached skill level 1 in Shields
  1520 | D:2      | Reached skill level 1 in Unarmed Combat
  1520 | D:2      | Reached skill level 1 in Conjurations
  1520 | D:2      | Reached skill level 1 in Hexes
  1520 | D:2      | Reached skill level 1 in Summonings
  1520 | D:2      | Reached skill level 1 in Necromancy
  1520 | D:2      | Reached skill level 1 in Translocations
  1520 | D:2      | Reached skill level 1 in Fire Magic
  1520 | D:2      | Reached skill level 1 in Ice Magic
  1520 | D:2      | Reached skill level 1 in Air Magic
  1520 | D:2      | Reached skill level 1 in Earth Magic
  1520 | D:2      | Reached skill level 1 in Invocations
  1520 | D:2      | Reached skill level 1 in Evocations
  1520 | D:2      | Reached XP level 4. HP: 31/33 MP: 4/11
  1520 | D:2      | Reached XP level 5. HP: 36/38 MP: 4/12
  1637 | D:2      | Noticed Jessica
  1643 | D:2      | Killed Jessica
  1644 | D:2      | Reached skill level 2 in Invocations
  1766 | D:2      | Reached XP level 6. HP: 44/44 MP: 8/13
  1946 | D:2      | Found a broken altar of Ashenzari.
  2057 | D:3      | Found a shadowy altar of Dithmenos.
  2413 | D:3      | Learned a level 2 spell: Poisonous Vapours
  2417 | D:3      | Learned a level 3 spell: Mephitic Cloud
  2422 | D:3      | Learned a level 4 spell: Olgreb's Toxic Radiance
  2578 | D:3      | Found a runed translucent gate.
  2578 | D:3      | Found a runed translucent gate.
  2578 | D:3      | Found a runed translucent gate.
  2626 | D:3      | Identified the +5 leather armour "Atsyn" {Rampage Int+2
                  | Stlth-}
  2677 | D:3      | Reached skill level 5 in Dodging
  2719 | D:3      | Found a glowing golden altar of the Shining One.
  2844 | D:3      | Noticed tbh1313's ghost (amateur MiBe)
  3137 | D:4      | Found a glowing silver altar of Zin.
  3319 | D:4      | You pick up a book of Displacement and begin reading...
  3319 | D:4      | You add the spells Lesser Beckoning, Gell's Gravitas and
                  | Teleport Other to your library.
  3374 | D:4      | Reached skill level 2 in Fighting
  3374 | D:4      | Reached skill level 2 in Short Blades
  3374 | D:4      | Reached skill level 2 in Long Blades
  3374 | D:4      | Reached skill level 2 in Axes
  3374 | D:4      | Reached skill level 2 in Maces & Flails
  3374 | D:4      | Reached skill level 2 in Polearms
  3374 | D:4      | Reached skill level 2 in Staves
  3374 | D:4      | Reached skill level 2 in Ranged Weapons
  3374 | D:4      | Reached skill level 2 in Throwing
  3374 | D:4      | Reached skill level 2 in Armour
  3374 | D:4      | Reached skill level 2 in Shields
  3374 | D:4      | Reached skill level 2 in Unarmed Combat
  3374 | D:4      | Reached skill level 2 in Evocations
  3547 | D:4      | Found a staircase to the Ecumenical Temple.
  3556 | Temple   | Entered the Ecumenical Temple
  3751 | Temple   | Became a worshipper of Yredelemnul the Dark
  3826 | D:4      | Found a radiant altar of Vehumet.
  4276 | D:5      | Entered Level 5 of the Dungeon
  4329 | D:5      | Noticed a black bear
  4344 | D:5      | HP: 11/44 [black bear (5)]
  4346 | D:5      | Killed a black bear
  4580 | D:5      | Reached XP level 7. HP: 50/50 MP: 15/15
  4609 | D:5      | Reached * piety under Yredelemnul
  4625 | D:5      | Reached skill level 2 in Conjurations
  4625 | D:5      | Reached skill level 2 in Hexes
  4625 | D:5      | Reached skill level 2 in Summonings
  4625 | D:5      | Reached skill level 2 in Necromancy
  4625 | D:5      | Reached skill level 2 in Translocations
  4625 | D:5      | Reached skill level 2 in Fire Magic
  4625 | D:5      | Reached skill level 2 in Ice Magic
  4625 | D:5      | Reached skill level 2 in Air Magic
  4625 | D:5      | Reached skill level 2 in Earth Magic
  4627 | D:5      | Reached skill level 3 in Transmutations
  4777 | D:5      | Noticed a steam dragon
  4942 | D:5      | Reached skill level 5 in Stealth
  4942 | D:5      | Reached skill level 3 in Invocations
  5151 | D:5      | Noticed Prince Ribbit
  5165 | D:5      | Killed Prince Ribbit
  5166 | D:5      | Reached skill level 3 in Fighting
  5166 | D:5      | Reached skill level 3 in Short Blades
  5166 | D:5      | Reached skill level 3 in Long Blades
  5166 | D:5      | Reached skill level 3 in Axes
  5166 | D:5      | Reached skill level 3 in Maces & Flails
  5166 | D:5      | Reached skill level 3 in Polearms
  5166 | D:5      | Reached skill level 3 in Staves
  5166 | D:5      | Reached skill level 3 in Ranged Weapons
  5166 | D:5      | Reached skill level 3 in Throwing
  5166 | D:5      | Reached skill level 3 in Armour
  5166 | D:5      | Reached skill level 3 in Shields
  5166 | D:5      | Reached skill level 3 in Unarmed Combat
  5166 | D:5      | Reached skill level 6 in Poison Magic
  5166 | D:5      | Reached skill level 3 in Evocations
  5166 | D:5      | Reached XP level 8. HP: 49/58 MP: 8/16
  5279 | D:5      | Noticed Blork the orc
  5293 | D:5      | Killed Blork the orc
  5294 | D:5      | Reached skill level 6 in Spellcasting
  5490 | D:5      | Reached ** piety under Yredelemnul
  5490 | D:5      | Reached skill level 4 in Invocations
  5492 | D:5      | Reached skill level 3 in Conjurations
  5492 | D:5      | Reached skill level 3 in Hexes
  5492 | D:5      | Reached skill level 3 in Summonings
  5492 | D:5      | Reached skill level 3 in Necromancy
  5492 | D:5      | Reached skill level 3 in Translocations
  5492 | D:5      | Reached skill level 3 in Fire Magic
  5492 | D:5      | Reached skill level 3 in Ice Magic
  5492 | D:5      | Reached skill level 3 in Air Magic
  5492 | D:5      | Reached skill level 3 in Earth Magic
  5558 | D:5      | Found a hazy altar of Hepliaklqana.
  5743 | D:6      | Noticed Duvessa
  5746 | D:6      | Noticed Dowan
  5764 | D:6      | Killed Duvessa
  5765 | D:6      | Reached skill level 6 in Dodging
  5766 | D:6      | Killed Dowan
  6010 | D:6      | Reached skill level 4 in Fighting
  6010 | D:6      | Reached skill level 4 in Short Blades
  6010 | D:6      | Reached skill level 4 in Long Blades
  6010 | D:6      | Reached skill level 4 in Axes
  6010 | D:6      | Reached skill level 4 in Maces & Flails
  6010 | D:6      | Reached skill level 4 in Polearms
  6010 | D:6      | Reached skill level 4 in Staves
  6010 | D:6      | Reached skill level 4 in Ranged Weapons
  6010 | D:6      | Reached skill level 4 in Throwing
  6010 | D:6      | Reached skill level 4 in Armour
  6010 | D:6      | Reached skill level 4 in Shields
  6010 | D:6      | Reached skill level 4 in Unarmed Combat
  6010 | D:6      | Reached skill level 4 in Transmutations
  6010 | D:6      | Reached skill level 4 in Evocations
  6010 | D:6      | Reached XP level 9. HP: 65/65 MP: 18/18
  6280 | D:6      | Reached skill level 6 in Stealth
  6649 | D:6      | Noticed Maggie
  6666 | D:6      | Killed Maggie
  6925 | D:7      | Reached skill level 5 in Fighting
  6943 | D:7      | Noticed a hornet
  6946 | D:7      | Found a shimmering blue altar of Sif Muna.
  6951 | D:7      | Killed a hornet
  6952 | D:7      | Reached skill level 5 in Invocations
  7001 | D:7      | Found a runed translucent gate.
  7002 | D:7      | Found a runed translucent gate.
  7003 | D:7      | Found a runed translucent gate.
  7003 | D:7      | Noticed 12572944's ghost (novice DsIE)
  7139 | D:7      | Reached skill level 7 in Spellcasting
  7245 | D:7      | Found an opulent altar of Gozag.
  7276 | D:7      | Reached skill level 4 in Conjurations
  7276 | D:7      | Reached skill level 4 in Hexes
  7276 | D:7      | Reached skill level 4 in Summonings
  7276 | D:7      | Reached skill level 4 in Necromancy
  7276 | D:7      | Reached skill level 4 in Translocations
  7276 | D:7      | Reached skill level 4 in Fire Magic
  7276 | D:7      | Reached skill level 4 in Ice Magic
  7276 | D:7      | Reached skill level 4 in Air Magic
  7276 | D:7      | Reached skill level 4 in Earth Magic
  7677 | D:7      | Found a hide-covered altar of Uskayaw.
  7896 | D:8      | Noticed Erica
  7911 | D:8      | Killed from afar by Erica

Vanquished Creatures
  Prince Ribbit (D:5)
  A hornet (D:7)
  Sigmund (D:2)
  An acid dragon (D:8)
  Duvessa (D:6)
  4 sky beasts
  A black bear (D:5)
  An ogre (D:5)
  Blork the orc (D:5)
  A necrophage (D:5)
  2 scorpions (D:5)
  Dowan (D:6)
  A howler monkey (D:5)
  A jelly (D:6)
  2 orc priests
  2 hounds
  3 iguanas
  Jessica (D:2)
  An orc wizard (D:6)
  5 adders
  A shadow imp (D:7)
  2 white imps (D:5)
  A worm (D:5)
  2 dart slugs
  11 orcs
  8 ball pythons
  8 bats
  6 endoplasms
  2 giant cockroaches
  3 goblins
  7 hobgoblins
  5 quokkas
  3 frilled lizards
  6 kobolds
  7 rats
104 creatures vanquished.

Vanquished Creatures (collateral kills)
  Maggie (D:6)
  2 black bears
  A sky beast (D:6)
  An ogre (D:7)
  A centaur (D:7)
  A phantom (D:5)
  2 scorpions
  2 bullfrogs (D:7)
  A lava snake (D:7)
  A hound (D:6)
  An orc priest (D:5)
  A shadow imp (D:7)
  An ufetubus (D:6)
  An orc (D:4)
17 creatures vanquished.

Vanquished Creatures (others)
  A bullfrog zombie (D:7)
  A hound zombie (D:5)
  A worm zombie (D:5)
  A jelly zombie (D:6)
  5 orc zombies
  A spectral ufetubus (D:6)
10 creatures vanquished.

Grand Total: 131 creatures vanquished

Table legend:
 A = Non-vault XP
 B = Vault XP
 C = Vault XP percentage of total XP
 D = Non-vault monster count
 E = Vault monster count
 F = Vault count percentage of total count
                 A         B        C        D         E       F
            +---------+---------+-------+---------+---------+-------
      Total |    3361 |    1253 |  27.2 |     114 |       7 |   5.8
            +---------+---------+-------+---------+---------+-------
        D:1 |      30 |       0 |   0.0 |      18 |       0 |   0.0
        D:2 |      29 |     268 |  90.2 |      11 |       2 |  15.4
        D:3 |      42 |       0 |   0.0 |      19 |       0 |   0.0
        D:4 |      51 |       0 |   0.0 |      17 |       0 |   0.0
        D:5 |    1149 |     395 |  25.6 |      24 |       2 |   7.7
        D:6 |     805 |     590 |  42.3 |      12 |       3 |  20.0
        D:7 |    1102 |       0 |   0.0 |      12 |       0 |   0.0
        D:8 |     153 |       0 |   0.0 |       1 |       0 |   0.0
            +---------+---------+-------+---------+---------+-------

Illustrated notes

Table legend:
 A = Kills in this place as a percentage of kills in entire the game.
 B = Kills by you in this place as a percentage of kills by you in the entire game.
 C = Kills by friends in this place as a percentage of kills by friends in the entire game.
 D = Other kills in this place as a percentage of other kills in the entire game.
 E = Experience gained in this place as a percentage of experience gained in the entire game.
 F = Experience gained in this place divided by the number of levels of this place that you have seen.
                   A       B       C       D       E      F
               +-------+-------+-------+-------+-------+----------------------
         Total | 100.0 | 100.0 | 100.0 |   N/A | 100.0 | 512.7
       Dungeon | 100.0 | 100.0 | 100.0 |   N/A | 100.0 | 576.8
               +-------+-------+-------+-------+-------+----------------------

Table legend: (Time is in decaauts)
 A = Elapsed time spent in this place.
 B = Non-inter-level travel time spent in this place.
 C = Inter-level travel time spent in this place.
 D = Time resting spent in this place.
 E = Time spent auto-exploring this place.
 F = Levels seen in this place.
 G = Mean time per level.
                   A        B        C        D        E       F      G
               +--------+--------+--------+--------+--------+-----+--------+
         Total |   7932 |   7712 |    220 |    143 |   6585 |   9 |  881.3 |
       Dungeon |   7718 |   7529 |    189 |    143 |   6411 |   8 |  964.8 |
        Temple |    214 |    184 |     30 |      0 |    174 |   1 |  214.0 |
               +--------+--------+--------+--------+--------+-----+--------+

Top non-repeatable levels by time:
     D:5: 1352 daAuts
     D:6: 1236 daAuts
     D:4: 1053 daAuts
     D:7: 1041 daAuts
     D:1: 1038 daAuts
     D:2: 1018 daAuts
     D:3: 955 daAuts
  Temple: 214 daAuts
     D:8: 22 daAuts
